 Dungeon Sprint DCSS version 0.30-a0-210-g01b79a254e (webtiles) character file.

Game seed: 16806033777395480431

28 rocky1 the Cudgeller (level 3, 0/37 HPs)
             Began as an Ogre Brigand on Oct 5, 2022.
             Was an Initiate of Gozag.
             Slain by a warg (5 damage)
             ... in the Dungeon (Sprint VII: "The Pits").
             The game lasted 00:01:15 (483 turns).

rocky1 the Cudgeller (Ogre Brigand)                  Turns: 483, Time: 00:01:16

Health: 0/37       AC:  4    Str: 17    XL:     3   Next: 12%
Magic:  3/3        EV:  9    Int: 12    God:    Gozag
Gold:   234        SH:  0    Dex: 10    Spells: 2/2 levels left

rFire   . . .      SeeInvis .    p - +2 mace
rCold   . . .      Faith    .    (no shield)
rNeg    . . .      Spirit   .    b - +0 robe
rPois   .          Reflect  .    (helmet restricted)
rElec   .          Harm     .    c - +0 cloak
rCorr   .          Rampage  .    (gloves unavailable)
Will    .....      NoTele   +    (boots unavailable)
Stlth   ++........               (no amulet)
HPRegen 0.26/turn                (no ring)
MPRegen 0.08/turn                (no ring)

@: gold aura
A: large, unfitting armour, tough skin 1
a: Renounce Religion, Potion Petition, Call Merchant, Bribe Branch


You were in the Dungeon.
You worshipped Gozag.
Gozag was aware of your devotion.
You visited 1 branch You collected 234 gold pieces.

Inventory:

Hand Weapons
 a - a +2 dagger
 o - a +2 hand axe
 p - a +2 mace (weapon)
Missiles
 d - 7 poisoned darts (quivered)
 e - 3 curare-tipped darts
Armour
 b - a +0 robe (worn)
 c - a +0 cloak (worn)
Scrolls
 k - a scroll of blinking
 m - 5 scrolls of amnesia
 n - a scroll of summoning
Potions
 f - a potion of curing
 g - a potion of heal wounds
 h - a potion of haste
 i - 4 potions of magic
 j - 3 potions of berserk rage
 l - 2 potions of invisibility


   Skills:
 - Level 3.3 Fighting
 - Level 1.7 Short Blades
 + Level 4.7 Maces & Flails
 - Level 2.0 Throwing
 - Level 1.4 Dodging
 - Level 3.2 Stealth


You had 2 spell levels left.
You didn't know any spells.
Your spell library was empty.

Dungeon Overview and Level Annotations

Branches:
Dungeon (1/1)

Altars:
Ashenzari
Cheibriados
Dithmenos
Elyvilon
Fedhas
Gozag
Hepliaklqana
Kikubaaqudgha
Makhleb
Nemelex Xobeh
Okawaru
Qazlal
Ru
Sif Muna
Trog
Uskayaw
Vehumet
Wu Jian
Xom
Yredelemnul
Zin
The Shining One
Jiyva
Lugonu


Innate Abilities, Weirdness & Mutations

You are too large for most types of armour.
You have tough skin. (AC +1)


Message History

The ufetubus completely misses you.
You completely miss the ufetubus. The ufetubus barely misses you. x2
The ufetubus hits you but does no damage.
The ufetubus closely misses you.
You sock the ufetubus!
You kill the ufetubus!
You have reached level 3!
Your experience leads to an increase in your attributes!
Increase (S)trength, (I)ntelligence, or (D)exterity?
You feel stronger. x3
Unknown command.
You start resting.
HP restored.
The warg howls!
There is an open door here.
You see here 36 gold pieces.
Throw: 9 darts (poison)
Press: ? - help, Q - select action, (/) - cycle Shift-Dir - straight line, f - bat zombie
Aim: a bat zombie (dormant, 98% to hit)
You throw a poisoned dart. The poisoned dart hits the bat zombie.
The kobold shouts!
Unknown command.
The bat zombie misses you. The bat zombie hits you.
You sock the bat zombie!
You destroy the bat zombie!
Unknown command.
Throw: 8 darts (poison)
Press: ? - help, Q - select action, (/) - cycle Shift-Dir - straight line, f - warg
Aim: a warg (50% to hit)
You throw a poisoned dart.
The poisoned dart closely misses the warg.
The poisoned dart closely misses the kobold.
The warg bites you!
You hit the warg but do no damage. The warg bites you! x2
* * * LOW HITPOINT WARNING * * *
You thump the warg!
The warg is moderately wounded.
The warg bites you.
You die...
Your body crumbles into a pile of gold.

#.?(.')).'.##......#..#
##########.##..........
#..........)'..........
#+#####)#####......#..#
#.....# #..........
#.....# ####'#####+
###'### #.......#
#...).# #.......#
#...@.# #.......#
####h##+###...<...#
#...K....##.......#
#(..(....##.......#
###########.......#
#########


You could see a warg and a kobold.

Vanquished Creatures
  An adder (D)
  2 ufetubi (D)
  3 orcs (D)
  A bat zombie (D)
7 creatures vanquished.

Notes
Turn   | Place    | Note
-------+----------+-------------------------------------------
     0 | D        | rocky1 the Ogre Brigand began the quest for the Orb.
     0 | D        | Reached XP level 1. HP: 22/22 MP: 1/1
    19 | D        | Reached skill level 1 in Dodging
    45 | D        | Found a bloodstained altar of Trog.
    45 | D        | Found a shimmering blue altar of Sif Muna.
    45 | D        | Found a viscous altar of Jiyva.
    45 | D        | Found a hazy altar of Hepliaklqana.
    45 | D        | Found an opulent altar of Gozag.
    51 | D        | Found a glowing golden altar of the Shining One.
    51 | D        | Found a glowing silver altar of Zin.
    51 | D        | Found a basalt altar of Yredelemnul.
    51 | D        | Found a shimmering altar of Xom.
    51 | D        | Found an ornate altar of the Wu Jian Council.
    51 | D        | Found a sacrificial altar of Ru.
    51 | D        | Found a stormy altar of Qazlal.
    51 | D        | Found an iron altar of Okawaru.
    51 | D        | Found a sparkling altar of Nemelex Xobeh.
    51 | D        | Found a burning altar of Makhleb.
    51 | D        | Found a blossoming altar of Fedhas.
    51 | D        | Found a white marble altar of Elyvilon.
    51 | D        | Found a shadowy altar of Dithmenos.
    51 | D        | Found a snail-covered altar of Cheibriados.
    55 | D        | Found a corrupted altar of Lugonu.
    55 | D        | Found a radiant altar of Vehumet.
    56 | D        | Found a broken altar of Ashenzari.
    56 | D        | Found an ancient bone altar of Kikubaaqudgha.
    56 | D        | Found a hide-covered altar of Uskayaw.
    58 | D        | Became a worshipper of Gozag Ym Sagoz the Greedy
    78 | D        | Reached skill level 2 in Maces & Flails
    78 | D        | Reached XP level 2. HP: 25/31 MP: 2/2
   206 | D        | Reached skill level 3 in Maces & Flails
   216 | D        | Reached skill level 4 in Maces & Flails
   441 | D        | Noticed a warg
   448 | D        | Reached XP level 3. HP: 29/37 MP: 3/3
   483 | D        | Slain by a warg

Illustrated notes

Levels and vault maps discovered:
D:        pitsprint [storerooms_1, entrance_room_1, metal_vault_2, armoury_1,
          mini_pit_1, grid_room_1, main_hall_1, silver_pit, the_coven_2,
          the_vestibule_1, steel_vault_4, golden_pit, hallway_of_sentries,
          crystal_vault_6, iron_vault_2, final_vault]

Skill      XL: |  1  2 |
---------------+-------+-----
Fighting       | 3 |  3.3
Dodging        | 1 |  1.4
Stealth        | 3 |  3.2
Maces & Flails | 2 4 |  4.7
Short Blades   | |  1.7
Throwing       | |  2.0

Action                   || total
-------------------------++-------
Melee: Dagger            ||     6
       Mace              ||    21
       Punch             ||     1
Throw: Dart              ||     2
 Stab: Sleeping          ||     2
Armor: Robe              ||     9
Dodge: Dodged            ||    24

Table legend: (Time is in decaauts)
 A = Elapsed time spent in this place.
 B = Non-inter-level travel time spent in this place.
 C = Inter-level travel time spent in this place.
 D = Time resting spent in this place.
 E = Time spent auto-exploring this place.
 F = Levels seen in this place.
 G = Mean time per level.
                   A        B        C        D        E       F      G
               +--------+--------+--------+--------+--------+-----+--------+
         Total |    486 |    486 |      0 |    363 |      0 |   1 |  486.0 |
       Dungeon |    486 |    486 |      0 |    363 |      0 |   1 |  486.0 |
               +--------+--------+--------+--------+--------+-----+--------+

Top non-repeatable levels by time:
       D: 486 daAuts
